 Dungeon Sprint DCSS version 0.27-a0-1046-g98bf31544f (webtiles) character file.

Game seed: 14292898542749709766

506 mhtbhm the Arsonist (level 6, 0/32 HPs)
             Began as a Deep Elf Fire Elementalist on Apr 20, 2021.
             Was a Follower of Vehumet.
             Slain by a merfolk
             ... wielding a +0 trident
              (24 damage)
             ... in the Dungeon (Sprint V: "Ziggurat Sprint").
             The game lasted 00:01:11 (105 turns).

mhtbhm the Arsonist (Deep Elf Fire Elementalist)     Turns: 105, Time: 00:01:12

Health: 0/32       AC:  5    Str:  5    XL:     6   Next: 97%
Magic:  12/20      EV:  8    Int: 34    God:    Vehumet [*.....]
Gold:   0          SH:  0    Dex: 15    Spells: 16/23 levels left

rFire    + . .     SeeInvis .   C - +8 lance "Wyrmbane" {slay drac, rPois rF+ rC+ AC+3}
rCold    + . .     Faith    .   (no shield)
rNeg     . . .     Spirit   .   a - +0 robe
rPois    +         Reflect  .   (no helmet)
rElec    .         Harm     .   (no cloak)
rCorr    .         Rampage  .   (no gloves)
Will     .....     NoTele   +   (no boots)
Stlth    +++.......             (no amulet)
HPRegen  0.10/turn              u - +6 ring of intelligence
MPRegen  0.17/turn              v - +6 ring of intelligence

@: held
A: no striking features
a: Renounce Religion


You were in the Dungeon.
You worshipped Vehumet.
Vehumet was aware of your devotion.
You visited 1 branch

Inventory:

Hand Weapons
 C - the +8 lance "Wyrmbane" (weapon) {slay drac, rPois rF+ rC+ AC+3}
   (You found it in the Dungeon)

   It affects your AC (+3).
   It protects you from fire.
   It protects you from cold.
   It protects you from poison.
Armour
 a - a +0 robe (worn)
Jewellery
 u - a +6 ring of intelligence (left hand)
 v - a +6 ring of intelligence (right hand)
Wands
 y - a wand of mindburst (7)
 z - a wand of iceblast (3)
 A - a wand of acid (4)
Scrolls
 h - 4 scrolls of blinking
 m - 4 scrolls of amnesia
 n - 7 scrolls of fog
 o - a scroll of holy word
 p - 5 scrolls of identify
 q - 2 scrolls of fear
Potions
 b - 2 potions of brilliance
 c - 10 potions of curing
 d - 10 potions of heal wounds
 e - 6 potions of haste
 f - 7 potions of magic
 g - 3 potions of berserk rage
 i - 2 potions of invisibility
 j - 4 potions of resistance
 k - a potion of experience
 l - 5 potions of might
Miscellaneous
 B - a lightning rod (4/4)


   Skills:
 + Level 6.8 Dodging
 + Level 6.3 Stealth
 + Level 9.2 Spellcasting
 + Level 2.2 Conjurations
 + Level 1.0 Hexes
 + Level 11.9 Fire Magic
 + Level 3.0 Evocations


You had 16 spell levels left.
You knew the following spells:

 Your Spells              Type           Power      Damage    Failure   Level
a - Foxfire               Conj/Fire      100%       2x1d9     1%          1
b - Conjure Flame         Conj/Fire      59%        6-21      1%          3
c - Inner Flame           Hex/Fire       56%        N/A       1%          3

Your spell library contained the following spells:

 Spells                   Type           Power      Damage    Failure   Level
 Shock                    Conj/Air       92%        1d8       1%          1
 Sticky Flame             Conj/Fire      59%        2d7       1%          4
 Fireball                 Conj/Fire      29%        3d13      4%          5


Dungeon Overview and Level Annotations

Branches:
Dungeon (1/1)

Altars:
Ashenzari
Cheibriados
Dithmenos
Elyvilon
Fedhas
Gozag
Hepliaklqana
Kikubaaqudgha
Makhleb
Nemelex Xobeh
Okawaru
Qazlal
Ru
Sif Muna
Trog
Uskayaw
Vehumet
Wu Jian
Xom
Yredelemnul
Zin
The Shining One
Beogh
Jiyva
Lugonu

Annotations:
D 1 transporter


Message History

The fiery explosion engulfs the merfolk!
The merfolk is severely wounded.
The merfolk is engulfed in blazing flames. x2
Your Dodging skill increases to level 5!
Your Stealth skill gained 2 levels and is now at level 5!
Your Spellcasting skill gained 2 levels and is now at level 7!
Your Conjurations skill increases to level 2!
Your Hexes skill increases to level 1!
Your Fire Magic skill gained 4 levels and is now at level 10!
Your Evocations skill gained 2 levels and is now at level 2!
You have reached level 4!
You feel clever.
You have reached level 5!
You have reached level 6!
Your experience leads to an increase in your attributes!
Your base attributes are Str 5, Int 21, Dex 15.
Increase (S)trength, (I)ntelligence, or (D)exterity?
You feel clever.
Unknown command.
Unknown command.
Aiming: Corrosive Bolt
Press: ? - help, Shift-Dir - straight line, f - merfolk
Aim: a merfolk, wielding the +8 flail of the Crushing Lamprey {vorpal, +Rage rC+ Dex+4} (flame, almost dead, 64% to hit)
The bolt of acid misses the merfolk. x2
The merfolk hits you from afar with a +0 trident.
The merfolk is engulfed in blazing flames.
You kill the merfolk!
Vehumet accepts your kill.
Your Dodging skill increases to level 6!
Your Stealth skill increases to level 6!
Your Spellcasting skill gained 2 levels and is now at level 9!
Your Fire Magic skill increases to level 11!
Your Evocations skill increases to level 3!
Aiming: Corrosive Bolt
Press: ? - help, Shift-Dir - straight line, f - merfolk
Aim: a merfolk, wielding a +0 trident and quivering boomerangs (almost dead, 67% to hit)
The bolt of acid misses the merfolk.
The merfolk hits you from afar with a +0 trident!!
Ouch! That really hurt!
You die...

▓▓▓▓▓▓▓▓▓▓▓▓▓
▓.8©8.▓.8©8.▓
▓.[)..▓.....▓
▓.....▓.|.[.▓
▓..§§.▓.....▓
▓.§m§.▓.....▓
▓.§§§.▓..©..▓
▓..@..▓▓▓▓▓▓▓
▓▓▓▓▓▓▓


You could see a merfolk.

Vanquished Creatures
  2 merfolk (D)
  A quasit (D)
  An iron imp (D)
4 creatures vanquished.

Notes
Turn   | Place    | Note
-------+----------+-------------------------------------------
     0 | D        | mhtbhm the Deep Elf Fire Elementalist began the quest for
                  | the Orb.
     0 | D        | Reached XP level 1. HP: 10/10 MP: 6/6
     0 | D        | Found a shimmering blue altar of Sif Muna.
     0 | D        | Found a bloodstained altar of Trog.
     0 | D        | Found a sacrificial altar of Ru.
     0 | D        | Found a stormy altar of Qazlal.
     0 | D        | Found an iron altar of Okawaru.
     1 | D        | Found a sparkling altar of Nemelex Xobeh.
     1 | D        | Found a blossoming altar of Fedhas.
     2 | D        | Found the +6 Majin-Bo {vamp, MP+6 Int+6}
     2 | D        | Found the +9 heavy crossbow "Sniper" {vorpal, Acc+∞ SInv}
     2 | D        | Found the +10 dark maul {vorpal}
     2 | D        | Found the +15 Maxwell's patent armour {-Cast -Tele rElec
                  | Will+ rCorr}
     2 | D        | Found the +18 shield of the Gong {rElec rN+ Will+ EV-5}
     2 | D        | Found the +14 obsidian axe {vorpal, Drain Fly SInv}
     2 | D        | Found the +7 great mace "Firestarter" {inner flame, rF++}
     2 | D        | Found the +6 shillelagh "Devastator" {shatter}
     2 | D        | Found the +11 plutonium sword {Contam Stlth-}
     2 | D        | Found the +8 lance "Wyrmbane" {slay drac, rPois rF+ rC+
                  | AC+3}
     2 | D        | Found the +9 sword of Zonguldrok {reap}
     2 | D        | Found the +13 scythe of Curses {drain, Drain}
     2 | D        | Found the +5 sword of Power {vorpal}
     2 | D        | Found the +7 mace of Variability {chain chaos}
     2 | D        | Found the +7 Singing Sword {vorpal, sonic wave}
     2 | D        | Found the +8 storm bow {elec, penet}
     3 | D        | Found a transporter.
     3 | D        | Found an ancient bone altar of Kikubaaqudgha.
     3 | D        | Found a viscous altar of Jiyva.
     3 | D        | Found a corrupted altar of Lugonu.
     3 | D        | Found a hazy altar of Hepliaklqana.
     3 | D        | Found a burning altar of Makhleb.
     3 | D        | Found an opulent altar of Gozag.
    35 | D        | Became a worshipper of Vehumet
    59 | D        | Entered arena 2.
    59 | D        | Noticed a quasit
    59 | D        | Noticed an iron imp
    59 | D        | Found a transporter.
    61 | D        | Killed a quasit
    61 | D        | Killed an iron imp
    61 | D        | Reached * piety under Vehumet
    61 | D        | Offered knowledge of Shock by Vehumet.
    62 | D        | Reached skill level 5 in Spellcasting
    62 | D        | Reached skill level 6 in Fire Magic
    62 | D        | Reached XP level 2. HP: 15/15 MP: 7/10
    62 | D        | Reached XP level 3. HP: 19/19 MP: 7/11
    66 | D        | Learned a level 3 spell: Conjure Flame
    70 | D        | Learned a level 3 spell: Inner Flame
    99 | D        | Entered arena 3.
    99 | D        | Noticed a merfolk
    99 | D        | Noticed a merfolk
    99 | D        | Noticed a merfolk
    99 | D        | Found a transporter.
   100 | D        | Identified the +8 flail of the Crushing Lamprey {vorpal,
                  | +Rage rC+ Dex+4}
   103 | D        | Killed a merfolk
   104 | D        | Reached skill level 5 in Dodging
   104 | D        | Reached skill level 5 in Stealth
   104 | D        | Reached skill level 1 in Hexes
   104 | D        | Reached skill level 10 in Fire Magic
   104 | D        | Reached XP level 4. HP: 21/24 MP: 11/15
   104 | D        | Reached XP level 5. HP: 24/28 MP: 12/17
   104 | D        | Reached XP level 6. HP: 28/32 MP: 12/18
   104 | D        | Killed a merfolk
   105 | D        | Reached skill level 11 in Fire Magic
   105 | D        | Slain by a merfolk

Illustrated notes

Levels and vault maps discovered:
D:        sprint_v [room_start, room_1, room_2, room_3, room_4, room_5, room_6,
          room_7, room_8, room_9, room_10, room_11, room_12, room_13, room_14,
          room_15, room_16, room_17, room_18, room_19, room_20, room_21,
          room_22, room_23, room_24, room_25, room_26, room_27]

Skill      XL: |  1  2  3  4  5  6 |
---------------+-------------------+-----
Dodging        | 4 5 6 |  6.8
Stealth        | 3 5 6 |  6.3
Spellcasting   | 5 7 9 |  9.2
Fire Magic     | 6 10 11 | 11.9
Conjurations   | 2 |  2.2
Hexes          | 1 |  1.0
Evocations     | 2 3 |  3.0

Action                   |  1- 3 |  4- 6 || total
-------------------------+-------+-------++-------
 Cast: Inner Flame       |     1 |       ||     1
Evoke: Wand              |     5 |     2 ||     7

Table legend: (Time is in decaauts)
 A = Elapsed time spent in this place.
 B = Non-inter-level travel time spent in this place.
 C = Inter-level travel time spent in this place.
 D = Time resting spent in this place.
 E = Time spent auto-exploring this place.
 F = Levels seen in this place.
 G = Mean time per level.
                   A        B        C        D        E       F      G
               +--------+--------+--------+--------+--------+-----+--------+
         Total |    103 |    103 |      0 |     24 |      0 |   1 |  103.0 |
       Dungeon |    103 |    103 |      0 |     24 |      0 |   1 |  103.0 |
               +--------+--------+--------+--------+--------+-----+--------+

Top non-repeatable levels by time:
       D: 103 daAuts
